Map: Eternal Empire LE

Players

Reynor - Winner!

  • Race: Zerg Zerg
  • League: Master
  • Spawn Location: 7:00

MaxPax

  • Race: Protoss Protoss
  • League: Master
  • Spawn Location: 1:00

Event: DreamHack SC2 Masters 2020 Fall

VOD

Have the link to the VOD?

Description

Time

  • Played on: Aug. 27, 2020, 3:05 p.m.
  • Length: 10:56

All games in this series

Show
View Real Time Build Order
Export as new Build Order

Reynor Zerg - Winner!

Build Orders: Hatch First, Roach Hydra 

Get SALT Encoding   

  12  0:00  Drone  
  13  0:12  Overlord  
  13  0:16  Drone  
  14  0:30  Drone  
  14  0:31  Drone  
  16  0:48  Hatchery  
  15  0:52  Drone  
  15  0:55  Drone  
  17  0:58  Drone  
  18  1:08  Extractor  
  17  1:14  Spawning Pool  
  17  1:17  Drone  
  17  1:21  Drone  
  18  1:28  Drone  
  19  2:01  Zergling x6  
  22  2:03  Spine Crawler  
  22  2:04  Queen  
  23  2:14  Zergling x2  
  24  2:27  Zergling x2  
  23  2:35  Drone x2  
  26  2:38  Drone  
  27  2:45  Overlord  
  27  2:54  Overlord  
  27  3:04  Drone  
  27  3:05  Drone x3  
  31  3:06  Drone  
  31  3:12  Metabolic Boost  
  32  3:15  Drone  
  32  3:17  Drone  
  34  3:24  Queen  
  36  3:27  Drone  
  36  3:29  Drone  
  38  3:37  Drone  
  38  3:38  Drone  
  40  3:48  Overlord  
  39  3:49  Zergling x2  
  40  3:56  Queen  
  40  3:58  Drone  
  40  3:59  Drone  
  45  4:10  Zergling x2  
  45  4:11  Overlord  
  45  4:12  Pneumatized Carapace  
  45  4:16  Hatchery  
  44  4:21  Zergling x4  
  46  4:30  Drone  
  47  4:31  Drone  
  47  4:32  Drone, Evolution Chamber  
  47  4:33  Drone x2, Queen  
  51  4:42  Zergling x2  
  51  4:43  Zergling x2  
  53  4:46  Spore Crawler  
  53  4:48  Spore Crawler  
  53  4:52  Overlord  
  51  4:53  Drone  
  51  4:57  Queen  
  51  4:58  Zerg Missile Weapons Level 1  
  54  5:02  Drone  
  54  5:03  Drone  
  54  5:04  Drone x3  
  59  5:10  Queen  
  61  5:15  Drone  
  61  5:16  Drone x3  
  61  5:20  Drone  
  66  5:25  Drone  
  66  5:28  Extractor  
  65  5:29  Drone x2, Extractor  
  65  5:30  Spore Crawler  
  67  5:36  Drone  
  67  5:39  Drone x2  
  67  5:42  Lair  
  69  5:44  Zergling x6  
  69  5:49  Drone  
  73  5:52  Overlord  
  73  5:59  Overlord  
  73  6:09  Drone x2, Roach Warren  
  73  6:10  Drone x2  
  74  6:11  Drone x3  
  74  6:12  Drone  
  74  6:13  Drone  
  74  6:17  Overlord  
  81  6:18  Drone x2  
  81  6:23  Drone x2  
  83  6:26  Extractor, Overlord  
  83  6:27  Extractor x2  
  83  6:32  Drone  
  81  6:34  Drone  
  81  6:36  Drone x2  
  81  6:37  Drone x3, Hatchery  
  85  6:40  Drone x2  
  85  6:43  Overseer  
  85  6:46  Overlord  
  83  6:47  Drone  
  83  6:50  Hydralisk Den  
  83  6:51  Drone  
  84  6:55  Zergling x6  
  84  6:59  Zergling x2  
  84  7:00  Zergling x2  
  89  7:04  Spore Crawler  
  89  7:05  Drone x2  
  89  7:08  Overlord  
  89  7:09  Drone x2  
  89  7:12  Drone x3  
  89  7:13  Zerg Missile Weapons Level 2  
  94  7:17  Overlord  
  94  7:20  Drone  
  94  7:21  Drone  
  95  7:26  Overlord  
  95  7:27  Glial Reconstitution, Muscular Augments  
  95  7:28  Drone x2  
  96  7:31  Drone x3  
  96  7:32  Drone x4  
  96  7:33  Overlord  
  102  7:40  Hydralisk, Spore Crawler  
  102  7:42  Roach  
  102  7:44  Hydralisk  
  105  7:48  Hydralisk  
  105  7:50  Hydralisk  
  111  7:53  Hydralisk  
  111  7:54  Hydralisk x3  
  111  7:56  Overlord  
  111  7:57  Hydralisk x2  
  123  7:59  Hydralisk x2  
  123  8:03  Overlord  
  127  8:08  Overlord  
  127  8:12  Overlord x2  
  126  8:14  Overlord  
  126  8:18  Hydralisk x4  
  130  8:23  Roach x4  
  130  8:26  Roach x3  
  144  8:28  Overlord  
  144  8:31  Roach x2  
  144  8:33  Roach x2  
  152  8:40  Roach x4  
  160  8:45  Overlord  
  160  8:47  Roach x2  
  164  8:49  Grooved Spines  
  164  8:51  Roach  
  164  8:53  Drone x3  
  164  8:54  Drone x2  
  171  8:56  Unknown  
  171  8:58  Hydralisk x3  
  170  9:05  Roach x3  
  170  9:06  Roach x2  
  178  9:13  Hydralisk x4  
  160  9:17  Hydralisk  
  160  9:18  Hydralisk  
  160  9:20  Hydralisk x2  
  164  9:26  Hydralisk x3  
  168  9:32  Infestation Pit  
  168  9:34  Hydralisk x3  
  173  9:40  Drone x3  
  176  9:45  Lurker Den  
  176  9:47  Evolution Chamber, Roach x5  
  176  9:48  Overlord  
  182  9:54  Hydralisk  
  180  10:03  Hydralisk x5  
  178  10:11  Drone x2, Hydralisk  
  168  10:14  Roach x2  
  168  10:19  Drone x5  
  168  10:20  Drone, Hatchery  
  169  10:23  Overseer  
  169  10:25  Roach x3  
  173  10:28  Roach x2  
  177  10:43  Hatchery  
  187  10:50  Extractor  
  187  10:55  Extractor  
Show
View Real Time Build Order
Export as new Build Order

MaxPax Protoss 

Build Orders: Nexus First 

Get SALT Encoding   

  12  0:00  Probe  
  13  0:12  Probe  
  14  0:19  Pylon  
  14  0:24  Probe  
  15  0:37  Probe  
  16  0:49  Probe  
  17  1:00  Nexus  
  17  1:12  Gateway  
  17  1:13  Forge  
  17  1:35  Pylon  
  17  1:37  Pylon  
  17  1:38  Pylon  
  17  1:54  Photon Cannon  
  17  1:55  Gateway  
  17  1:56  Pylon  
  17  1:58  Pylon  
  17  2:06  Photon Cannon  
  17  2:15  Photon Cannon  
  19  2:18  Pylon  
  19  2:22  Pylon  
  17  2:25  Probe (Chrono Boost)  
  17  2:27  Probe (Chrono Boost)  
  19  2:36  Assimilator  
  20  2:37  Probe (Chrono Boost)  
  20  2:39  Probe (Chrono Boost)  
  20  2:40  Assimilator  
  20  2:44  Gateway, Probe (Chrono Boost)  
  22  2:45  Probe (Chrono Boost)  
  22  2:51  Probe (Chrono Boost)  
  23  2:52  Photon Cannon  
  23  2:54  Probe (Chrono Boost)  
  25  3:03  Probe (Chrono Boost)  
  27  3:06  Probe (Chrono Boost)  
  27  3:09  Probe (Chrono Boost)  
  27  3:11  Probe (Chrono Boost)  
  30  3:20  Probe (Chrono Boost)  
  30  3:21  Probe (Chrono Boost)  
  30  3:25  Pylon  
  31  3:31  Probe (Chrono Boost)  
  31  3:32  Cybernetics Core  
  31  3:33  Probe (Chrono Boost)  
  33  3:35  Zealot, Probe (Chrono Boost)  
  33  3:39  Pylon  
  36  3:43  Probe (Chrono Boost)  
  36  3:46  Probe (Chrono Boost)  
  36  3:47  Pylon  
  38  3:57  Pylon  
  38  3:58  Probe (Chrono Boost)  
  38  4:00  Probe (Chrono Boost)  
  40  4:03  Probe (Chrono Boost)  
  40  4:06  Assimilator  
  40  4:09  Assimilator, Probe  
  42  4:11  Stargate  
  42  4:12  Adept (Chrono Boost)  
  42  4:13  Warp Gate  
  42  4:15  Probe  
  44  4:21  Probe  
  45  4:27  Probe  
  45  4:29  Pylon  
  46  4:37  Nexus  
  46  4:47  Adept (Chrono Boost), Probe  
  46  4:48  Pylon  
  46  4:50  Probe  
  46  4:51  Oracle (Chrono Boost)  
  50  4:58  Pylon  
  50  4:59  Probe  
  54  5:06  Probe  
  55  5:08  Pylon  
  55  5:12  Probe  
  56  5:18  Adept  
  56  5:19  Probe  
  56  5:21  Oracle (Chrono Boost)  
  59  5:24  Probe  
  59  5:28  Gateway  
  62  5:31  Probe  
  62  5:34  Gateway  
  63  5:39  Probe  
  63  5:40  Nexus  
  63  5:41  Pylon  
  64  5:43  Probe  
  64  5:48  Phoenix (Chrono Boost)  
  67  5:53  Probe  
  67  5:56  Probe  
  69  5:58  Twilight Council  
  69  6:05  Probe  
  69  6:08  Phoenix (Chrono Boost), Probe  
  69  6:09  Zealot  
  75  6:17  Probe  
  76  6:18  Pylon  
  76  6:20  Probe  
  77  6:29  Phoenix (Chrono Boost), Probe  
  77  6:30  Zealot x2  
  77  6:32  Probe  
  85  6:36  Zealot  
  85  6:39  Shield Battery  
  81  6:41  Probe  
  81  6:45  Probe  
  81  6:46  Charge (Chrono Boost)  
  78  6:48  Phoenix  
  78  6:51  Gateway  
  78  6:53  Probe  
  81  6:57  Zealot, Probe x2  
  81  6:58  Zealot  
  87  7:05  Probe  
  86  7:09  Probe  
  86  7:11  Zealot  
  86  7:12  Phoenix (Chrono Boost)  
  86  7:13  Protoss Ground Weapons Level 1 (Chrono Boost)  
  89  7:17  Probe  
  89  7:19  Probe  
  91  7:31  Templar Archives, Gateway  
  91  7:32  Probe  
  91  7:37  Zealot, Pylon  
  91  7:38  Zealot x2, Assimilator x2  
  91  7:40  Phoenix (Chrono Boost)  
  99  7:50  Nexus  
  99  7:51  Gateway  
  99  7:52  Pylon  
  99  7:55  Probe x2  
  99  7:56  Probe  
  102  8:01  Zealot x3  
  108  8:05  Zealot  
  108  8:08  Probe x3  
  108  8:11  Photon Cannon  
  113  8:20  Probe  
  113  8:23  Robotics Facility  
  113  8:25  High Templar x2, Gateway  
  113  8:26  High Templar x2  
  122  8:30  Gateway, Archon x2  
  122  8:32  Probe x2  
  122  8:41  Zealot  
  122  8:47  Gateway  
  124  8:49  Pylon  
  124  8:50  Pylon  
  124  8:51  Photon Cannon  
  124  8:52  Shield Battery, Pylon  
  124  8:58  Phoenix  
  122  9:03  Zealot x6  
  122  9:06  Probe x2  
  108  9:24  Zealot x7  
  108  9:26  Probe  
  119  9:31  Robotics Facility  
  119  9:32  Shield Battery  
  119  9:33  Pylon  
  119  9:35  Shield Battery  
  119  9:37  High Templar  
  119  9:38  High Templar  
  123  9:40  Zealot  
  123  9:42  High Templar x2, Archon  
  127  9:45  Zealot x3  
  127  9:46  Zealot  
  127  9:47  Archon  
  122  10:02  Zealot x2  
  111  10:08  Zealot x4  
  111  10:13  Zealot x2  
  102  10:16  Probe x2  
  102  10:18  Probe  
  90  10:21  Immortal (Chrono Boost)  
  90  10:24  Zealot x3  
  95  10:29  High Templar x4  
  95  10:33  Archon x2  
  95  10:35  High Templar x2  
  98  10:38  Zealot  
  98  10:39  Archon  
  97  10:45  High Templar x2  

Tags
 
Add a new tag
Caveats
  • Supply blocks, unpowered buildings, or Contaminate may cause inaccurate times.
  • Supply counts are checked every 10 seconds.